3L
FT. WORTH CATTLEMEN @ KINGSTON TOWNSHIP KNIGHTS
08/25/2034
 
TOP OF THE 1ST
Ft. Worth Cattlemen batting - Pitching for Kingston Township Knights : RHP Manny Castro
Pitching: RHP Manny Castro
Batting: LHB Jesús Morales 0-0: Ball
1-0: Swinging Strike
1-1: Swinging Strike
1-2: Foul Ball, location: 2F
1-2: Foul Ball, location: 2F
1-2: Strikes out swinging
Batting: SHB Roberto Mosca 0-0: Called Strike
0-1: Ball
1-1: Ball
2-1: Foul Ball, location: 2F
2-2: Ball
3-2: Strikes out looking
Batting: RHB Bart Lewis 0-0: Ball
1-0: Called Strike
1-1: Fly out, F8 (Flyball, 8RD)
Top of the 1st over - 0 runs, 0 hits, 0 errors, 0 left on base; Ft. Worth 0 - Kingston Township 0
BOTTOM OF THE 1ST
Kingston Township Knights batting - Pitching for Ft. Worth Cattlemen : RHP Robbie Betchley
Pitching: RHP Robbie Betchley
Batting: RHB Alfredo Cardenas 0-0: Ball
1-0: Foul Ball, location: 2F
1-1: Ground out 6-3 (Groundball, 6S)
Batting: RHB Gustavo Mateo 0-0: Called Strike
0-1: Swinging Strike
0-2: Ball
1-2: Ground out 5-3 (Groundball, 56)
Batting: RHB Ron Bernard 0-0: Ball
1-0: Fly out, F8 (Flyball, 89D)
Bottom of the 1st over - 0 runs, 0 hits, 0 errors, 0 left on base; Ft. Worth 0 - Kingston Township 0
TOP OF THE 2ND
Ft. Worth Cattlemen batting - Pitching for Kingston Township Knights : RHP Manny Castro
Batting: LHB Rick Mayfield 0-0: Ball
1-0: Swinging Strike
1-1: Ground out U3 (Groundball, 3S)
Batting: RHB Juan Cabrera 0-0: Called Strike
0-1: Foul Ball, location: 2F
0-2: Ball
1-2: Ball
2-2: Ball
3-2: Foul Ball, location: 2F
3-2: Base on Balls
Batting: RHB António Pérez 0-0: Ball
1-0: Called Strike
1-1: Ball
2-1: Reached on error, E6 (Groundball, 6)
Juan Cabrera to second
Batting: LHB Fernando Ramírez 0-0: Ball
1-0: Swinging Strike
1-1: Swinging Strike
1-2: Ball
2-2: Foul Ball, location: 2F
2-2: Strikes out swinging
Batting: SHB Mitch Qualtrough 0-0: Ball
1-0: Called Strike
1-1: Ball
2-1: Foul Ball, location: 2F
2-2: TRIPLE (Line Drive, 9D)
Juan Cabrera scores
António Pérez scores
Batting: SHB Robby Day 0-0: Called Strike
0-1: Ball
1-1: Ball
2-1: Called Strike
2-2: Foul Ball, location: 2F
2-2: Fly out, F5 (Line Drive, 56)
Top of the 2nd over - 2 runs, 1 hit, 1 error, 1 left on base; Ft. Worth 2 - Kingston Township 0
BOTTOM OF THE 2ND
Kingston Township Knights batting - Pitching for Ft. Worth Cattlemen : RHP Robbie Betchley
Batting: LHB Ed Mellor 0-0: Called Strike
0-1: Reached on error, E1 (Groundball, 13S)
Batting: RHB EP Weston 0-0: Swinging Strike
0-1: Ball
1-1: Called Strike
1-2: Ball
2-2: Strikes out swinging
Batting: RHB Júlio Rodríguez 0-0: Ball
1-0: Foul Ball, location: 2F
1-1: SINGLE (Flyball, 89S)
Ed Mellor to third
Batting: RHB José Icaza 0-0: Ball
1-0: Ball
2-0: Called Strike
2-1: Ball
3-1: Called Strike
3-2: Base on Balls
Júlio Rodríguez to second
Batting: RHB Júlio Robles 0-0: Foul Ball, location: 2F
0-1: Fielders Choice at 2nd, 4-6 (Groundball, 4)
Ed Mellor scores
Júlio Rodríguez to third
Batting: RHB Alejandro Serrato 0-0: Ball
1-0: Ball
2-0: Ball
3-0: Base on Balls
Júlio Robles to second
Batting: RHB Alfredo Cardenas 0-0: Ground out 5-3 (Groundball, 56S)
Bottom of the 2nd over - 1 run, 1 hit, 1 error, 3 left on base; Ft. Worth 2 - Kingston Township 1
TOP OF THE 3RD
Ft. Worth Cattlemen batting - Pitching for Kingston Township Knights : RHP Manny Castro
Batting: LHB Jesús Morales 0-0: Called Strike
0-1: Foul Ball, location: 2F
0-2: Ball
1-2: Fly out, F4 (Line Drive, 4)
Batting: SHB Roberto Mosca 0-0: Called Strike
0-1: Called Strike
0-2: Ball
1-2: Foul Ball, location: 2F
1-2: Foul Ball, location: 2F
1-2: Ball
2-2: SINGLE (Line Drive, 34D)
Batting: RHB Bart Lewis 0-0: Called Strike
Roberto Mosca is caught stealing 2nd base
0-1: Ball
1-1: Called Strike
1-2: Ball
2-2: Ball
3-2: Foul Ball, location: 2F
3-2: Base on Balls
Batting: LHB Rick Mayfield 0-0: Fly out, F5 (Popup, 56)
Top of the 3rd over - 0 runs, 1 hit, 0 errors, 1 left on base; Ft. Worth 2 - Kingston Township 1
BOTTOM OF THE 3RD
Kingston Township Knights batting - Pitching for Ft. Worth Cattlemen : RHP Robbie Betchley
Batting: RHB Gustavo Mateo 0-0: Called Strike
0-1: Ball
1-1: Swinging Strike
1-2: Ball
2-2: Strikes out swinging
Batting: RHB Ron Bernard 0-0: Ball
1-0: Reached on error, E6 (Groundball, 6)
Batting: LHB Ed Mellor 0-0: Swinging Strike
0-1: Foul Ball, location: 2F
0-2: Ball
1-2: Ball
Ron Bernard steals 2nd base
2-2: Strikes out swinging
Batting: RHB EP Weston 0-0: Foul Ball, location: 2F
0-1: Swinging Strike
0-2: Foul Ball, location: 2F
0-2: Ball
1-2: Ball
2-2: Ball
3-2: Ground out 6-3 (Groundball, 6)
Bottom of the 3rd over - 0 runs, 0 hits, 1 error, 1 left on base; Ft. Worth 2 - Kingston Township 1
TOP OF THE 4TH
Ft. Worth Cattlemen batting - Pitching for Kingston Township Knights : RHP Manny Castro
Batting: RHB Juan Cabrera 0-0: Ball
1-0: Ball
2-0: Ball
3-0: Base on Balls
Batting: RHB António Pérez 0-0: Ball
1-0: Fly out, F6 (Line Drive, 6M)
Batting: LHB Fernando Ramírez 0-0: SINGLE (Flyball, 7LS)
Juan Cabrera to second
Batting: SHB Mitch Qualtrough 0-0: Foul Ball, location: 2F
0-1: Ball
1-1: Called Strike
1-2: Fielders Choice at 2nd, 3-6 (Groundball, 3)
Juan Cabrera to third
Batting: SHB Robby Day 0-0: Ball
1-0: Ball
2-0: Ball
3-0: Called Strike
3-1: Swinging Strike
3-2: 3-RUN HOME RUN (Flyball, 9D), Distance : 411 ft
Batting: LHB Jesús Morales 0-0: Ground out 4-3 (Groundball, 4M)
Top of the 4th over - 3 runs, 2 hits, 0 errors, 0 left on base; Ft. Worth 5 - Kingston Township 1
BOTTOM OF THE 4TH
Kingston Township Knights batting - Pitching for Ft. Worth Cattlemen : RHP Robbie Betchley
Batting: RHB Júlio Rodríguez 0-0: Called Strike
0-1: Ball
1-1: Fly out, F9 (Flyball, 9S)
Batting: RHB José Icaza 0-0: Ball
1-0: Called Strike
1-1: Swinging Strike
1-2: Ball
2-2: Foul Ball, location: 2F
2-2: Strikes out swinging
Batting: RHB Júlio Robles 0-0: Ground out 5-3 (Groundball, 56)
Bottom of the 4th over - 0 runs, 0 hits, 0 errors, 0 left on base; Ft. Worth 5 - Kingston Township 1
TOP OF THE 5TH
Ft. Worth Cattlemen batting - Pitching for Kingston Township Knights : RHP Manny Castro
Batting: SHB Roberto Mosca 0-0: Ball
1-0: Foul Ball, location: 2F
1-1: Ground out U3 (Groundball, 34)
Batting: RHB Bart Lewis 0-0: Foul Ball, location: 2F
0-1: Foul Ball, location: 2F
0-2: Ball
1-2: SINGLE (Flyball, 7LS)
Batting: LHB Rick Mayfield 0-0: Ball
1-0: Called Strike
1-1: Ball
2-1: Ball
3-1: Called Strike
3-2: SINGLE (Groundball, 34D) (infield hit)
Bart Lewis to second
Batting: RHB Juan Cabrera 0-0: Ball
1-0: Foul Ball, location: 2F
1-1: Fly out, F6 (Line Drive, 6)
Batting: RHB António Pérez 0-0: Called Strike
0-1: Ball
1-1: Foul Ball, location: 2F
1-2: Ball
2-2: SINGLE (Line Drive, 56D)
Bart Lewis to third
Rick Mayfield to second
Runner from 3rd tries for Home, SAFE, no throw
Pitching: LHP Jason Schneider
Batting: LHB Fernando Ramírez 0-0: Ground out 6-3 (Groundball, 6M)
Top of the 5th over - 1 run, 3 hits, 0 errors, 2 left on base; Ft. Worth 6 - Kingston Township 1
BOTTOM OF THE 5TH
Kingston Township Knights batting - Pitching for Ft. Worth Cattlemen : RHP Robbie Betchley
Batting: RHB Alejandro Serrato 0-0: Called Strike
0-1: Swinging Strike
0-2: SINGLE (Flyball, 78M)
Batting: RHB Alfredo Cardenas 0-0: Ball
1-0: Foul Ball, location: 2F
1-1: Swinging Strike
1-2: Ball
2-2: Reached on error, E5 (Groundball, 56)
Alejandro Serrato to second
Batting: RHB Gustavo Mateo 0-0: Foul Ball, location: 2F
0-1: Ball
1-1: Ball
2-1: SINGLE (Groundball, 56D)
Alejandro Serrato to third
Alfredo Cardenas to second
Batting: RHB Ron Bernard 0-0: Called Strike
0-1: Foul Ball, location: 2F
0-2: Ball
1-2: Ball
2-2: Foul Ball, location: 2F
2-2: Fly out, F5 (Line Drive, 5)
Batting: LHB Ed Mellor 0-0: Called Strike
0-1: Called Strike
0-2: Strikes out swinging
Batting: RHB EP Weston 0-0: Ball
1-0: Ball
2-0: Called Strike
2-1: Ball
3-1: Called Strike
3-2: Foul Ball, location: 2F
3-2: Ground out 5-3 (Groundball, 5)
Bottom of the 5th over - 0 runs, 2 hits, 1 error, 3 left on base; Ft. Worth 6 - Kingston Township 1
TOP OF THE 6TH
Ft. Worth Cattlemen batting - Pitching for Kingston Township Knights : LHP Jason Schneider
Batting: SHB Mitch Qualtrough 0-0: Ball
1-0: Ball
2-0: DOUBLE (Line Drive, 7D)
Batting: SHB Robby Day 0-0: Called Strike
0-1: Ball
1-1: Ball
2-1: Called Strike
2-2: Ball
3-2: Base on Balls
Batting: LHB Jesús Morales 0-0: Bunted foul
0-1: Ball
1-1: Sac Bunt - play at first, batter OUT! U3
Mitch Qualtrough to third
Robby Day to second
Batting: SHB Roberto Mosca 0-0: Ball
1-0: Called Strike
1-1: Called Strike
1-2: SINGLE (Line Drive, 8RS)
Mitch Qualtrough scores
Robby Day to third
Runner from 3rd tries for Home, SAFE, no throw
Batting: RHB Bart Lewis 0-0: Ball
1-0: Ball
2-0: Called Strike
2-1: Called Strike
2-2: Ball
Roberto Mosca steals 2nd base
3-2: Strikes out swinging
Batting: LHB Rick Mayfield 0-0: Ball
1-0: Ball
2-0: Ball
3-0: Base on Balls
Batting: RHB Juan Cabrera 0-0: Ball
1-0: Fly out, F5 (Line Drive, 5L)
Top of the 6th over - 2 runs, 2 hits, 0 errors, 2 left on base; Ft. Worth 8 - Kingston Township 1
BOTTOM OF THE 6TH
Kingston Township Knights batting - Pitching for Ft. Worth Cattlemen : RHP Robbie Betchley
Batting: RHB Júlio Rodríguez 0-0: SINGLE (Groundball, P) (infield hit)
Batting: RHB José Icaza 0-0: Called Strike
0-1: Ball
1-1: Fly out, F1 (Line Drive, 13)
Batting: RHB Júlio Robles 0-0: Ball
1-0: Grounds into double play, 5-4-3 (Groundball, 56)
Bottom of the 6th over - 0 runs, 1 hit, 0 errors, 0 left on base; Ft. Worth 8 - Kingston Township 1
TOP OF THE 7TH
Ft. Worth Cattlemen batting - Pitching for Kingston Township Knights : LHP Jason Schneider
Batting: RHB António Pérez 0-0: Ball
1-0: Fly out, F9 (Flyball, 9)
Batting: LHB Fernando Ramírez 0-0: Swinging Strike
0-1: Foul Ball, location: 2F
0-2: SINGLE (Groundball, 3S) (infield hit)
Batting: SHB Mitch Qualtrough 0-0: Called Strike
0-1: Ball
1-1: Ball
2-1: Grounds into double play, 6-4-3 (Groundball, 6)
Top of the 7th over - 0 runs, 1 hit, 0 errors, 0 left on base; Ft. Worth 8 - Kingston Township 1
BOTTOM OF THE 7TH
Kingston Township Knights batting - Pitching for Ft. Worth Cattlemen : RHP Robbie Betchley
Batting: RHB Alejandro Serrato 0-0: Called Strike
0-1: Ball
1-1: Ball
2-1: Foul Ball, location: 2F
2-2: Strikes out swinging
Pitching: RHP Manny Amici
Batting: RHB Alfredo Cardenas 0-0: Called Strike
0-1: Swinging Strike
0-2: Ball
1-2: Ball
2-2: Foul Ball, location: 2F
2-2: Fly out, F3 (Popup, 23F)
Batting: RHB Gustavo Mateo 0-0: Called Strike
0-1: Foul Ball, location: 2F
0-2: Fly out, F8 (Flyball, 8LM)
Bottom of the 7th over - 0 runs, 0 hits, 0 errors, 0 left on base; Ft. Worth 8 - Kingston Township 1
TOP OF THE 8TH
Ft. Worth Cattlemen batting - Pitching for Kingston Township Knights : LHP Jason Schneider
Batting: SHB Robby Day 0-0: Ball
1-0: Ball
2-0: Fly out, F4 (Popup, 4S)
Batting: LHB Jesús Morales 0-0: Ground out 4-3 (Groundball, 4)
Batting: SHB Roberto Mosca 0-0: Called Strike
0-1: Ball
1-1: Fly out, F7 (Flyball, 7D)
Top of the 8th over - 0 runs, 0 hits, 0 errors, 0 left on base; Ft. Worth 8 - Kingston Township 1
BOTTOM OF THE 8TH
Kingston Township Knights batting - Pitching for Ft. Worth Cattlemen : RHP Manny Amici
Batting: RHB Ron Bernard 0-0: Called Strike
0-1: Ball
1-1: Called Strike
1-2: Ball
2-2: Strikes out swinging
Batting: LHB Ed Mellor 0-0: Called Strike
0-1: SINGLE (Groundball, 4S) (infield hit)
Batting: RHB EP Weston 0-0: Called Strike
0-1: Swinging Strike
0-2: Ball
1-2: Strikes out swinging
Batting: RHB Júlio Rodríguez 0-0: Ball
1-0: Ball
2-0: Ground out 3-1 (Groundball, 34S)
Bottom of the 8th over - 0 runs, 1 hit, 0 errors, 1 left on base; Ft. Worth 8 - Kingston Township 1
TOP OF THE 9TH
Ft. Worth Cattlemen batting - Pitching for Kingston Township Knights : LHP Jason Schneider
Batting: RHB Bart Lewis 0-0: Called Strike
0-1: Ball
1-1: Ball
2-1: Ball
3-1: Ground out 3-1 (Groundball, 34S)
Pitching: RHP Juan Díaz
Batting: LHB Rick Mayfield 0-0: Foul Ball, location: 2F
0-1: Ball
1-1: Fly out, F8 (Flyball, 89M)
Batting: RHB Juan Cabrera 0-0: Ball
1-0: Ball
2-0: Ball
3-0: Called Strike
3-1: Called Strike
3-2: Strikes out looking
Top of the 9th over - 0 runs, 0 hits, 0 errors, 0 left on base; Ft. Worth 8 - Kingston Township 1
BOTTOM OF THE 9TH
Kingston Township Knights batting - Pitching for Ft. Worth Cattlemen : RHP Manny Amici
Now at 2B: Juan Aguirre
Now in RF: Juan Montés
Batting: RHB José Icaza 0-0: Ball
1-0: Called Strike
1-1: Ball
2-1: Foul Ball, location: 2F
2-2: Foul Ball, location: 2F
2-2: Foul Ball, location: 2F
2-2: Strikes out swinging
Pinch Hitting: LHB Gustavo Cortéz 0-0: Called Strike
0-1: Swinging Strike
0-2: Ball
1-2: Foul Ball, location: 2F
1-2: Ground out 3-1 (Groundball, 34)
Batting: RHB Alejandro Serrato 0-0: Ball
1-0: Ball
2-0: Ball
3-0: Base on Balls
Batting: RHB Alfredo Cardenas 0-0: Foul Ball, location: 2F
0-1: Ball
1-1: Called Strike
1-2: Ball
2-2: Foul Ball, location: 2F
2-2: Foul Ball, location: 2F
2-2: Strikes out looking
Bottom of the 9th over - 0 runs, 0 hits, 0 errors, 1 left on base; Ft. Worth 8 - Kingston Township 1
Friday, March 29th, 2019 - OOTP Baseball 18.8 Build 76